 Dungeon Crawl Stone Soup version 0.31-a0-960-g0fca184906 (webtiles) character file.

Game seed: 12264437913248780587

154 BinkBink the Trooper (level 5, 0/46 HPs)
             Began as a Draconian Fighter on Oct 23, 2023.
             Constricted to death by Ijyb (5 damage)
             ... on level 3 of the Dungeon.
             The game lasted 00:02:36 (2350 turns).

BinkBink the Trooper (Draconian Fighter)            Turns: 2350, Time: 00:02:37

Health: 0/46       AC:  5    Str: 20    XL:     5   Next: 13%
Magic:  5/5        EV:  9    Int:  9    God:
Gold:   148        SH:  4    Dex: 10    Spells: 4/4 levels left

rFire   . . .        a - +0 war axe
rCold   . . .        b - +0 buckler
rNeg    . . .        (body armour unavailable)
rPois   .            (helmet restricted)
rElec   .            (no cloak)
rCorr   .            (no gloves)
SInv    .            (no boots)
Will    .....        (no amulet)
Stlth   +            (no ring)
HPRegen 0.27/turn    (no ring)
MPRegen 0.09/turn

%: no passive effects
@: grasped by roots, constricted
A: AC +5, unfitting armour, cold-blooded
a: no special abilities


You were on level 3 of the Dungeon.
You visited 1 branch of the dungeon, and saw 3 of its levels.

You collected 148 gold pieces.

Inventory:

Hand Weapons
 a - a +0 war axe (weapon)
Armour
 b - a +0 buckler (worn)
Scrolls
 d - 5 scrolls of identify {unknown}
 e - a scroll of enchant weapon {unknown}
 f - 2 scrolls of vulnerability {unknown}
 h - a scroll of immolation {unknown}
Potions
 c - a potion of might
 g - a potion of heal wounds {unknown}
 i - a potion of curing {unknown}


   Skills:
 + Level 4.1 Fighting
 * Level 3.7 Axes
 + Level 3.3 Dodging
 + Level 3.6 Shields


You had 4 spell levels left.
You didn't know any spells.
Your spell library contained the following spells:

 Spells                   Type           Power      Damage    Failure   Level
 Kiss of Death            Conj/Necr      0%         2d5       45%         1
 Confusing Touch          Hex            0%         N/A       83%         3
 Volatile Blastmotes      Fire/Tloc      0%         2d10      83%         3
 Dispel Undead            Necr           0%         3d6       99%         4
 Fulminant Prism          Conj/Hex       0%         3d5       99%         4
 Iskenderun's Mystic Bla  Conj/Tloc      0%         2d3       99%         4


Dungeon Overview and Level Annotations

Branches:
Dungeon (3/15)

Altars:

Annotations:
D:2 1 runed translucent door, Crazy Yiuf
D:3 Ijyb


Innate Abilities, Weirdness & Mutations

Your plain brown scales are hard. (AC +5)
You cannot fit into any form of body armour.
You are cold-blooded and may be slowed by cold attacks.


Message History

The goblin completely misses you.
You closely miss the goblin.
The goblin is severely wounded.
You barely miss the goblin. You completely miss Ijyb. The goblin misses you.
Ijyb screams, "No!
No, no, no, no!"
Ijyb zaps a wand.
The roots erupt in riotous growth!
The grasping roots grab you!
The goblin is unaffected. x2; Ijyb is unaffected.
The grasping roots constrict you. The goblin hits you with a +0 club.
You hear a shout!
You slash the goblin!
You kill the goblin!
You hit Ijyb but do no damage. You slash the goblin!
You kill the goblin!
Ijyb hits you with a +0 dagger. The grasping roots constrict you.
You closely miss Ijyb. You tail-slap Ijyb, but do no damage.
Ijyb is moderately wounded.
Ijyb hits you but does no damage. The grasping roots constrict you.
Ijyb barely misses you. The grasping roots constrict you.
The grasping roots release their grip on you.
You hit Ijyb but do no damage.
Ijyb is moderately wounded.
Ijyb zaps a wand.
The roots erupt in riotous growth!
The grasping roots grab you!
Ijyb is unaffected.
The grasping roots constrict you.
* * * LOW HITPOINT WARNING * * *
You completely miss Ijyb.
Your tail-slap misses Ijyb.
Ijyb is moderately wounded.
Ijyb closely misses you. The grasping roots constrict you.
* * * LOW HITPOINT WARNING * * *
You closely miss Ijyb.
Ijyb is moderately wounded.
Ijyb hits you with a +0 dagger.
* * * LOW HITPOINT WARNING * * *
The grasping roots constrict you.
* * * LOW HITPOINT WARNING * * *
Ijyb hits you with a +0 dagger.
* * * LOW HITPOINT WARNING * * *
The grasping roots constrict you.
You die...

.# #≈≈≈.. '..##'## ##
##≈≈≈. #..#...#
####≈≈#########..#.g.#
....≈≈#^.........#.g.#
###..†').........#.g.#
..#...'..........#...#
......'..........#...#
#.##≈≈#.......)..#...#
..##≈≈#########.@##''#
#####≈≈≈..#...#))g...#
#≈≈≈..'...)......#
##≈≈..#...#).....#
################


You could see Ijyb.

Vanquished Creatures
  An orc priest (D:3)
  Robin (D:2)
  3 adders
  2 worms (D:3)
  4 orcs (D:3)
  3 endoplasms
  3 giant cockroaches
  5 hobgoblins
  3 jackals (D:3)
  3 ball pythons
  4 bats
  10 frilled lizards
  22 goblins
  7 kobolds
  4 rats
75 creatures vanquished.

Notes
Turn   | Place    | Note
-------+----------+-------------------------------------------
     0 | D:1      | BinkBink the Draconian Fighter began the quest for the Orb.
     0 | D:1      | Reached XP level 1. HP: 19/19 MP: 1/1
   146 | D:1      | Reached XP level 2. HP: 26/26 MP: 2/2
   269 | D:1      | Found a faded altar of an unknown god.
   799 | D:2      | Reached XP level 3. HP: 31/31 MP: 3/3
  1049 | D:2      | Noticed Robin
  1072 | D:2      | Killed Robin
  1077 | D:2      | Reached XP level 4. HP: 14/39 MP: 4/4
  1209 | D:2      | Found a runed translucent door.
  1210 | D:2      | Noticed Crazy Yiuf
  1657 | D:3      | Reached skill level 4 in Fighting
  2184 | D:3      | Reached XP level 5. HP: 45/46 MP: 5/5
  2329 | D:3      | Noticed Ijyb
  2350 | D:3      | Constricted to death by Ijyb

Illustrated notes

Levels and vault maps discovered:
D:1:      dpeg_arrival_solitude, layout_basic,
          hellmonk_ecumenical_altar_arch_garden
D:2:      layout_loops_ring, nrook_loot_triangle, minmay_bisected,
          uniq_crazy_yiuf_cottage, uniq_robin
D:3:      kennysheep_goblin_castle, layout_basic,
          nicolae_overflow_hidden_temple, minmay_misc_feat_pillars

Skill      XL: |  1  2  3  4 |
---------------+-------------+-----
Dodging        | 3 |  3.3
Axes           | 3 |  3.7
Fighting       | 4 |  4.1
Shields        | |  3.6

Action                     |  1- 3 |  4- 6 || total
---------------------------+-------+-------++-------
  Melee: War axe           |   100 |    83 ||   183
         Tailslap          |     6 |     9 ||    15
   Stab: Sleeping          |     1 |       ||     1
 Armour: Skin              |    66 |    52 ||   118
  Dodge: Dodged            |    81 |    64 ||   145
  Block: Buckler           |    17 |    18 ||    35

Table legend: (Time is in decaauts)
 A = Elapsed time spent in this place.
 B = Non-inter-level travel time spent in this place.
 C = Inter-level travel time spent in this place.
 D = Time resting spent in this place.
 E = Time spent auto-exploring this place.
 F = Levels seen in this place.
 G = Mean time per level.
                   A        B        C        D        E       F      G
               +--------+--------+--------+--------+--------+-----+--------+
         Total |   2420 |   2285 |    135 |     49 |   1771 |   3 |  806.7 |
       Dungeon |   2420 |   2285 |    135 |     49 |   1771 |   3 |  806.7 |
               +--------+--------+--------+--------+--------+-----+--------+

Top non-repeatable levels by time:
     D:2: 963 daAuts
     D:3: 744 daAuts
     D:1: 711 daAuts
